BR
OCEANSIDE SWAMP FOXES @ SANTA CLARITA MUSIC
10/06/2027
 
TOP OF THE 1ST
Oceanside Swamp Foxes batting - Pitching for Santa Clarita Music : LHP Jorge Gatán
Pitching: LHP Jorge Gatán
Batting: LHB Chris White 0-0: Called Strike
0-1: Foul Ball, location: 2F
0-2: Ball
1-2: Foul Ball, location: 2F
1-2: Foul Ball, location: 2F
1-2: Strikes out swinging
Batting: LHB Rodrigo Pérez 0-0: Fly out, F4 (Popup, 4S)
Batting: RHB Nathan Smith 0-0: Ball
1-0: Ground out 4-3 (Groundball, 4)
Top of the 1st over - 0 run(s), 0 hit(s), 0 error(s), 0 left on base; Oceanside 0 - Santa Clarita 0
BOTTOM OF THE 1ST
Santa Clarita Music batting - Pitching for Oceanside Swamp Foxes : RHP Héctor Montoya
Pitching: RHP Héctor Montoya
Batting: RHB Rickey Núñez 0-0: Fly out, F8 (Flyball, 8LM)
Batting: RHB Juan Morales 0-0: Foul Ball, location: 2F
0-1: Swinging Strike
0-2: Strikes out looking
Batting: RHB Justin Geoghegan 0-0: Called Strike
0-1: Ball
1-1: Called Strike
1-2: Foul Ball, location: 2F
1-2: SOLO HOME RUN (Flyball, 7D), Distance : 399 ft
Batting: LHB Héctor Santos 0-0: Fly out, F8 (Flyball, 8RM)
Bottom of the 1st over - 1 run(s), 1 hit(s), 0 error(s), 0 left on base; Oceanside 0 - Santa Clarita 1
TOP OF THE 2ND
Oceanside Swamp Foxes batting - Pitching for Santa Clarita Music : LHP Jorge Gatán
Batting: RHB José López 0-0: Ball
1-0: Foul Ball, location: 2F
1-1: Foul Ball, location: 2F
1-2: Foul Ball, location: 2F
1-2: Foul Ball, location: 2F
1-2: Ball
2-2: Ball
3-2: Foul Ball, location: 2F
3-2: Fly out, F8 (Flyball, 8RD)
Batting: LHB Gabriel Aguilera 0-0: Called Strike
0-1: Ball
1-1: Ball
2-1: Ball
3-1: SINGLE (Line Drive, 4)
Batting: RHB Ed Nygaard 0-0: Called Strike
0-1: Hit by Pitch
Gabriel Aguilera to second
Batting: LHB Clinton O'Brien 0-0: Fly out, F9 (Flyball, 9LSF)
Batting: LHB Arlen Powers 0-0: Fielders Choice at 2nd, 6-4 (Groundball, 6)
Top of the 2nd over - 0 run(s), 1 hit(s), 0 error(s), 1 left on base; Oceanside 0 - Santa Clarita 1
BOTTOM OF THE 2ND
Santa Clarita Music batting - Pitching for Oceanside Swamp Foxes : RHP Héctor Montoya
Batting: LHB José Domínguez 0-0: Called Strike
0-1: Swinging Strike
0-2: Reached on error, E5 (Flyball, 5D)
Batting: SHB Mathew Olson 0-0: Ball
1-0: Ball
2-0: Ball
3-0: Called Strike
3-1: Foul Ball, location: 2F
3-2: Fielders Choice at 2nd, 4-6 (Groundball, 4)
Batting: RHB António Martínez 0-0: Ball
1-0: Foul Ball, location: 2F
1-1: Foul Ball, location: 2F
1-2: Ground out 4-3 (Groundball, 4S)
Mathew Olson to second
Batting: LHB Francisco Blanco 0-0: Swinging Strike
0-1: Ball
1-1: Called Strike
1-2: Foul Ball, location: 2F
1-2: Foul Ball, location: 2F
1-2: Strikes out swinging
Bottom of the 2nd over - 0 run(s), 0 hit(s), 1 error(s), 1 left on base; Oceanside 0 - Santa Clarita 1
TOP OF THE 3RD
Oceanside Swamp Foxes batting - Pitching for Santa Clarita Music : LHP Jorge Gatán
Batting: RHB Carlos Sánchez 0-0: Ball
1-0: Ball
2-0: DOUBLE (Line Drive, 89D)
Batting: LHB Chris White 0-0: Foul Ball, location: 2F
0-1: Called Strike
0-2: Foul Ball, location: 2F
0-2: Ball
1-2: Ball
2-2: Strikes out swinging
Batting: LHB Rodrigo Pérez 0-0: Called Strike
0-1: Swinging Strike
0-2: Strikes out swinging
Batting: RHB Nathan Smith 0-0: Called Strike
0-1: Swinging Strike
0-2: Strikes out swinging
Top of the 3rd over - 0 run(s), 1 hit(s), 0 error(s), 1 left on base; Oceanside 0 - Santa Clarita 1
BOTTOM OF THE 3RD
Santa Clarita Music batting - Pitching for Oceanside Swamp Foxes : RHP Héctor Montoya
Batting: RHB Tony Collier 0-0: Called Strike
0-1: Called Strike
0-2: Fly out, F6 (Popup, 56D)
Batting: RHB Rickey Núñez 0-0: Fly out, F8 (Line Drive, 78M)
Batting: RHB Juan Morales 0-0: Foul Ball, location: 2F
0-1: Foul Ball, location: 2F
0-2: Ball
1-2: Strikes out swinging
Bottom of the 3rd over - 0 run(s), 0 hit(s), 0 error(s), 0 left on base; Oceanside 0 - Santa Clarita 1
TOP OF THE 4TH
Oceanside Swamp Foxes batting - Pitching for Santa Clarita Music : LHP Jorge Gatán
Batting: RHB José López 0-0: Called Strike
0-1: Fly out, F6 (Line Drive, 6)
Batting: LHB Gabriel Aguilera 0-0: Ground out U3 (Groundball, 3)
Batting: RHB Ed Nygaard 0-0: SINGLE (Line Drive, 89S)
Batting: LHB Clinton O'Brien 0-0: Ball
1-0: SINGLE (Groundball, 4MD)
Ed Nygaard to second
Runner from 2nd tries for 3rd, SAFE, throw made to third
Batting: LHB Arlen Powers 0-0: SINGLE (Line Drive, 7LS)
Ed Nygaard scores
Clinton O'Brien to second
Batting: RHB Carlos Sánchez 0-0: Ball
1-0: Hit by Pitch
Clinton O'Brien to third
Arlen Powers to second
Batting: LHB Chris White 0-0: Ball
1-0: Called Strike
1-1: Foul Ball, location: 2F
1-2: Ball
2-2: Ground out 3-1 (Groundball, 34)
Top of the 4th over - 1 run(s), 3 hit(s), 0 error(s), 3 left on base; Oceanside 1 - Santa Clarita 1
BOTTOM OF THE 4TH
Santa Clarita Music batting - Pitching for Oceanside Swamp Foxes : RHP Héctor Montoya
Batting: RHB Justin Geoghegan 0-0: Called Strike
0-1: Ball
1-1: Fly out, F8 (Flyball, 8RM)
Batting: LHB Héctor Santos 0-0: Ball
1-0: Called Strike
1-1: Foul Ball, location: 2F
1-2: Ball
2-2: Single, Error in OF, E7, batter to second base
Batting: LHB José Domínguez 0-0: Foul Ball, location: 2F
0-1: Ball
1-1: Ball
2-1: Foul Ball, location: 2F
2-2: 2-RUN HOME RUN (Flyball, 89XD), Distance : 424 ft
Batting: SHB Mathew Olson 0-0: Ball
1-0: Fly out, F8 (Flyball, 8LM)
Batting: RHB António Martínez 0-0: Called Strike
0-1: Swinging Strike
0-2: Ball
1-2: Ball
2-2: Strikes out swinging, 2-3 out at first.
Bottom of the 4th over - 2 run(s), 2 hit(s), 1 error(s), 0 left on base; Oceanside 1 - Santa Clarita 3
TOP OF THE 5TH
Oceanside Swamp Foxes batting - Pitching for Santa Clarita Music : LHP Jorge Gatán
Batting: LHB Rodrigo Pérez 0-0: Foul Ball, location: 2F
0-1: Ground out 4-3 (Groundball, 4)
Batting: RHB Nathan Smith 0-0: SINGLE (Groundball, 4M) (infield hit)
Batting: RHB José López 0-0: Called Strike
0-1: Ball
1-1: Ball
Pickoff Throw to First - Error! E1
Nathan Smith to second
2-1: Called Strike
2-2: Foul Ball, location: 2F
2-2: Ball
3-2: Foul Ball, location: 2F
3-2: Strikes out looking
Batting: LHB Gabriel Aguilera 0-0: Called Strike
0-1: Ball
1-1: Ball
2-1: Foul Ball, location: 2F
2-2: Ground out 4-3 (Groundball, 4)
Top of the 5th over - 0 run(s), 1 hit(s), 1 error(s), 1 left on base; Oceanside 1 - Santa Clarita 3
BOTTOM OF THE 5TH
Santa Clarita Music batting - Pitching for Oceanside Swamp Foxes : RHP Héctor Montoya
Batting: LHB Francisco Blanco 0-0: Fly out, F8 (Flyball, 8LS)
Batting: RHB Tony Collier 0-0: Ball
1-0: Ball
2-0: Ground out 5-3 (Groundball, 56)
Batting: RHB Rickey Núñez 0-0: Ball
1-0: Swinging Strike
1-1: Swinging Strike
1-2: Ball
2-2: Strikes out looking
Bottom of the 5th over - 0 run(s), 0 hit(s), 0 error(s), 0 left on base; Oceanside 1 - Santa Clarita 3
TOP OF THE 6TH
Oceanside Swamp Foxes batting - Pitching for Santa Clarita Music : LHP Jorge Gatán
Batting: RHB Ed Nygaard 0-0: Ball
1-0: SINGLE (Line Drive, 56)
Batting: LHB Clinton O'Brien 0-0: Foul Ball, location: 2F
0-1: Ball
1-1: Ball
2-1: Ball
3-1: Fly out, F8 (Flyball, 8LD)
Batting: LHB Arlen Powers 0-0: Ball
1-0: Foul Ball, location: 2F
1-1: Swinging Strike
1-2: Strikes out looking
Pitching: RHP Gary Wilson
Batting: RHB Carlos Sánchez Pickoff Throw to First - Out!
Top of the 6th over - 0 run(s), 1 hit(s), 0 error(s), 0 left on base; Oceanside 1 - Santa Clarita 3
BOTTOM OF THE 6TH
Santa Clarita Music batting - Pitching for Oceanside Swamp Foxes : RHP Héctor Montoya
Batting: RHB Juan Morales 0-0: Ball
1-0: Foul Ball, location: 2F
1-1: Ball
2-1: Foul Ball, location: 2F
2-2: Foul Ball, location: 2F
2-2: Strikes out swinging
Batting: RHB Justin Geoghegan 0-0: Swinging Strike
0-1: Foul Ball, location: 2F
0-2: Ball
1-2: Strikes out swinging, 2-3 out at first.
Batting: LHB Héctor Santos 0-0: Called Strike
0-1: Ball
1-1: Called Strike
1-2: Ball
2-2: Foul Ball, location: 2F
2-2: Ball
3-2: Ground out 4-3 (Groundball, 4)
Bottom of the 6th over - 0 run(s), 0 hit(s), 0 error(s), 0 left on base; Oceanside 1 - Santa Clarita 3
TOP OF THE 7TH
Oceanside Swamp Foxes batting - Pitching for Santa Clarita Music : RHP Gary Wilson
Batting: RHB Carlos Sánchez 0-0: Ball
1-0: Ball
2-0: Ground out 1-3 (Groundball, 15)
Batting: LHB Chris White 0-0: Ball
1-0: Ball
2-0: Called Strike
2-1: Swinging Strike
2-2: Ball
3-2: Strikes out swinging
Batting: LHB Rodrigo Pérez 0-0: Ball
1-0: Swinging Strike
1-1: Foul Ball, location: 2F
1-2: Strikes out looking
Top of the 7th over - 0 run(s), 0 hit(s), 0 error(s), 0 left on base; Oceanside 1 - Santa Clarita 3
BOTTOM OF THE 7TH
Santa Clarita Music batting - Pitching for Oceanside Swamp Foxes : RHP Héctor Montoya
Pitching: RHP Roberto Carbaja
Batting: LHB José Domínguez 0-0: Ball
1-0: SINGLE (Groundball, 4MD)
Batting: SHB Mathew Olson 0-0: Sac Bunt - play at first, batter OUT! 1-3
José Domínguez to second
Batting: RHB António Martínez 0-0: Intentional Walk
Pinch Hitting: SHB Robbie Rhodes 0-0: Ball
1-0: Swinging Strike
1-1: Swinging Strike
1-2: Foul Ball, location: 2F
1-2: Ball
2-2: Strikes out looking
Batting: RHB Tony Collier 0-0: Foul Ball, location: 2F
0-1: Ball
1-1: Fly out, F6 (Flyball, 56D)
Bottom of the 7th over - 0 run(s), 1 hit(s), 0 error(s), 2 left on base; Oceanside 1 - Santa Clarita 3
TOP OF THE 8TH
Oceanside Swamp Foxes batting - Pitching for Santa Clarita Music : RHP Gary Wilson
Now at 2B: Robbie Rhodes
Batting: RHB Nathan Smith 0-0: Ball
1-0: Ball
2-0: Called Strike
2-1: Ground out 5-3 (Groundball, 56S)
Batting: RHB José López 0-0: Called Strike
0-1: SINGLE (Flyball, 8LS)
Pitching: RHP John Gill
Pinch Runner at 1st Dale Winters:
Batting: LHB Gabriel Aguilera 0-0: Called Strike
0-1: Ball
1-1: Ball
2-1: Called Strike
2-2: Strikes out swinging
Batting: RHB Ed Nygaard 0-0: Ball
1-0: Ball
2-0: Swinging Strike
2-1: Ball
3-1: Foul Ball, location: 2F
3-2: Base on Balls
Dale Winters to second
Pinch Hitting: RHB Cameron Irwin 0-0: Swinging Strike
0-1: Ball
1-1: Swinging Strike
1-2: Ball
2-2: Strikes out looking
Top of the 8th over - 0 run(s), 1 hit(s), 0 error(s), 2 left on base; Oceanside 1 - Santa Clarita 3
BOTTOM OF THE 8TH
Santa Clarita Music batting - Pitching for Oceanside Swamp Foxes : RHP Roberto Carbaja
Now in RF: Cameron Irwin
Batting: RHB Rickey Núñez 0-0: Ball
1-0: Called Strike
1-1: Swinging Strike
1-2: Foul Ball, location: 2F
1-2: Foul Ball, location: 2F
1-2: Strikes out swinging
Batting: RHB Juan Morales 0-0: Called Strike
0-1: Called Strike
0-2: Ball
1-2: Strikes out looking
Batting: RHB Justin Geoghegan 0-0: Called Strike
0-1: Foul Ball, location: 2F
0-2: Foul Ball, location: 2F
0-2: Ball
1-2: Ball
2-2: Ball
3-2: Base on Balls
Batting: LHB Héctor Santos 0-0: Ball
1-0: Ball
2-0: DOUBLE (Line Drive, 78M)
Justin Geoghegan to third
Batting: LHB José Domínguez 0-0: Foul Ball, location: 2F
0-1: DOUBLE (Groundball, 5L)
Justin Geoghegan scores
Héctor Santos scores
Pitching: RHP Rafael Rivera
Batting: SHB Mathew Olson 0-0: Ball
1-0: Ball
2-0: Ball
3-0: Base on Balls
Batting: RHB António Martínez 0-0: Ball
1-0: SINGLE (Groundball, 56D)
José Domínguez to third
Mathew Olson to second
Runner from 3rd tries for Home, SAFE, throw made home
Mathew Olson to third
António Martínez to second
Batting: SHB Robbie Rhodes 0-0: Swinging Strike
0-1: Called Strike
0-2: Reached on error, E3 (Groundball, 34)
Mathew Olson scores
António Martínez to third
Batting: RHB Tony Collier 0-0: Ball
1-0: Called Strike
1-1: Fly out, F8 (Flyball, 8LM)
Bottom of the 8th over - 4 run(s), 3 hit(s), 1 error(s), 2 left on base; Oceanside 1 - Santa Clarita 7
TOP OF THE 9TH
Oceanside Swamp Foxes batting - Pitching for Santa Clarita Music : RHP John Gill
Now at 1B: Stan Gómez
Batting: LHB Arlen Powers 0-0: Foul Ball, location: 2F
0-1: Swinging Strike
0-2: Ball
1-2: Ball
2-2: Foul Ball, location: 2F
2-2: Strikes out looking
Batting: RHB Carlos Sánchez 0-0: Ground out 1-3 (Groundball, 13)
Batting: LHB Chris White 0-0: Called Strike
0-1: Ground out 1-3 (Groundball, 13)
Top of the 9th over - 0 run(s), 0 hit(s), 0 error(s), 0 left on base; Oceanside 1 - Santa Clarita 7
Thursday, March 30th, 2017 - OOTP Baseball 17.12 Build 75